 Dungeon Crawl Stone Soup version 0.25-a0-85-g7617fd2bc2 (webtiles) character file.

Game seed: 14002851902020540098, levelgen mode: deterministic

165 MrRokkomies the Protected (level 5, -4/41 HPs)
             Began as a Gnoll Wanderer on Nov 8, 2019.
             Was an Initiate of Ru.
             Engulfed by Ijyb's flame (16 damage)
             ... on level 3 of the Dungeon.
             The game lasted 00:03:54 (2238 turns).

MrRokkomies the Protected (Gnoll Wanderer)          Turns: 2238, Time: 00:03:54

Health: -4/41      AC: 17    Str: 14    XL:     5   Next: 46%
Magic:  7/7        EV:  5    Int: 15    God:    Ru [......]
Gold:   113        SH:  0    Dex: 15    Spells: 6/6 levels left

rFire    . . .     SeeInvis .   a - +1 dagger (elec)
rCold    . . .     Gourm    .   (no shield)
rNeg     . . .     Faith    .   n - +0 plate armour
rPois    .         Spirit   .   (no helmet)
rElec    .         Reflect  .   (no cloak)
rCorr    .         Harm     .   k - +0 pair of gloves
MR       .....                  j - +0 pair of boots
Stlth    ..........             (no amulet)
HPRegen  0.13/turn              (no ring)
MPRegen  0.10/turn              (no ring)

@: no status effects
A: distributed training, fangs 1, strong nose
a: Renounce Religion


You were on level 3 of the Dungeon.
You worshipped Ru.
Ru was noncommittal.
You were not hungry.

You visited 1 branch of the dungeon, and saw 3 of its levels.

You collected 113 gold pieces.

Inventory:

Hand Weapons
 a - a +1 dagger of electrocution (weapon)
 b - a +0 longbow
Missiles
 e - 25 arrows
 r - 6 poisoned darts (quivered)
Armour
 j - a +0 pair of boots (worn)
 k - a +0 pair of gloves (worn)
 n - a +0 plate armour (worn)
Scrolls
 c - a scroll of random uselessness {unknown}
 g - 3 scrolls of identify
 m - a scroll of enchant weapon {unknown}
 p - a scroll of blinking {unknown}
Potions
 d - a potion of berserk rage
 h - 2 potions of curing {unknown}
 i - a potion of heal wounds {unknown}
 l - a potion of brilliance {unknown}
 o - a potion of lignification {unknown}
Comestibles
 f - 3 rations
 q - a chunk of flesh


   Skills:
 + Level 3.0 Fighting
 + Level 1.4 Short Blades
 + Level 1.4 Long Blades
 + Level 1.4 Axes
 + Level 1.4 Maces & Flails
 + Level 1.4 Polearms
 + Level 1.4 Staves
 + Level 1.4 Slings
 + Level 4.8 Bows
 + Level 1.4 Crossbows
 + Level 1.4 Throwing
 + Level 10.4 Armour
 + Level 1.4 Dodging
 + Level 2.7 Stealth
 + Level 3.0 Shields
 + Level 1.4 Unarmed Combat
 + Level 1.4 Spellcasting
 + Level 1.1 Conjurations
 + Level 1.1 Hexes
 + Level 1.1 Charms
 + Level 1.1 Summonings
 + Level 1.1 Necromancy
 + Level 1.1 Translocations
 + Level 1.1 Transmutations
 + Level 1.1 Fire Magic
 + Level 1.1 Ice Magic
 + Level 1.1 Air Magic
 + Level 1.1 Earth Magic
 + Level 1.1 Poison Magic
 + Level 1.6 Invocations
 + Level 1.4 Evocations


You had 6 spell levels left.
You didn't know any spells.
Your spell library was empty.

Dungeon Overview and Level Annotations

Branches:
Dungeon (3/15)

Altars:
Makhleb
Qazlal
Ru

Annotations:
D:3 Ijyb


Innate Abilities, Weirdness & Mutations

Your experience applies equally to all skills.
You have very sharp teeth.
Your uncanny sense of smell can sniff out nearby items.


Message History

Ijyb hits you but does no damage.
You hit Ijyb but do no damage. Ijyb hits you but does no damage.
You closely miss Ijyb. Ijyb barely misses you.
You closely miss Ijyb. Ijyb hits you but does no damage.
Your plate armour prevents you from hitting Ijyb.
You bite Ijyb, but do no damage. Ijyb hits you but does no damage.
You hit Ijyb. Your bite misses Ijyb.
Ijyb is lightly wounded.
Ijyb zaps a wand.
Ijyb creates a blast of flame!
You closely miss Ijyb.
Ijyb is lightly wounded.
You are engulfed in blazing flames.
Ijyb hits you but does no damage.
You closely miss Ijyb.
Ijyb is lightly wounded.
You are engulfed in blazing flames.
* * * LOW HITPOINT WARNING * * *
You hit Ijyb but do no damage. Your bite misses Ijyb.
Ijyb is lightly wounded.
You are engulfed in blazing flames.
You die...

#.##.##.##(##### # #
#.#####.##(######. ##.# #7#
#.....<.#.(......# .#.##P≈≈
####.............# ....≈≈P≈
######).#####.## ##..#.≈P≈≈
########†..# #..###%#...≈≈≈≈
...........#####.#††..#...P≈≈≈
######....†.....§g..>.7...≈≈≈≈
.........#######@####7≈....≈≈≈
≈.§≈≈§≈..# #§# 7≈P...P≈≈
#'####≈.## #§..# 7≈≈≈..≈P≈≈
≈÷≈§≈##.# .§§#..77≈≈≈..≈≈≈≈
...§§⌠#.# ###. .#777≈≈...7≈g
._.§≈##.# ## .# ≈PP...≈≈≈
....≈⌠#.# .# ≈≈≈....≈≈
≈≈≈≈≈##.. .. ≈≈≈≈..≈≈≈ ⌠#⌠###
.# 77≈≈...≈≈P


You could see Ijyb.

Vanquished Creatures
  Purgy (D:3)
  An adder (D:2)
  An ooze (D:2)
  A worm (D:3)
  4 dart slugs
  A leopard gecko (D:2)
  7 bats
  3 giant cockroaches
  7 goblins
  5 hobgoblins
  3 jackals (D:3)
  A quokka (D:2)
  2 ball pythons
  4 frilled lizards
  6 kobolds
  4 rats
51 creatures vanquished.

Notes
Turn   | Place    | Note
-------+----------+-------------------------------------------
     0 | D:1      | Reached skill level 10 in Armour
     0 | D:1      | MrRokkomies the Gnoll Wanderer began the quest for the Orb.
     0 | D:1      | MrRokkomies set off with the following items: a +2 dagger,
                  | a potion of berserk rage, a +0 ring mail, a +0 shortbow, 25
                  | arrows, a ration
     0 | D:1      | Reached XP level 1. HP: 17/17 MP: 1/1
   178 | D:1      | Reached XP level 2. HP: 20/23 MP: 2/2
   675 | D:1      | Reached XP level 3. HP: 25/28 MP: 3/3
   983 | D:2      | Found a sacrificial altar of Ru.
   997 | D:2      | Became a worshipper of Ru the Awakened
  1158 | D:2      | Reached skill level 1 in Invocations
  1543 | D:2      | Found a stormy altar of Qazlal.
  1543 | D:2      | Noticed an earth elemental
  1544 | D:2      | Noticed an air elemental
  1544 | D:2      | Noticed a water elemental
  1544 | D:2      | Noticed a fire elemental
  1808 | D:2      | Reached skill level 1 in Short Blades
  1808 | D:2      | Reached skill level 1 in Long Blades
  1808 | D:2      | Reached skill level 1 in Axes
  1808 | D:2      | Reached skill level 1 in Maces & Flails
  1808 | D:2      | Reached skill level 1 in Polearms
  1808 | D:2      | Reached skill level 1 in Staves
  1808 | D:2      | Reached skill level 1 in Slings
  1808 | D:2      | Reached skill level 1 in Crossbows
  1808 | D:2      | Reached skill level 1 in Throwing
  1808 | D:2      | Reached skill level 1 in Dodging
  1808 | D:2      | Reached skill level 1 in Unarmed Combat
  1808 | D:2      | Reached skill level 1 in Spellcasting
  1808 | D:2      | Reached skill level 1 in Evocations
  1808 | D:2      | Reached XP level 4. HP: 34/34 MP: 5/5
  2029 | D:3      | Noticed Purgy
  2034 | D:3      | Killed Purgy
  2034 | D:3      | Reached skill level 1 in Conjurations
  2034 | D:3      | Reached skill level 1 in Hexes
  2034 | D:3      | Reached skill level 1 in Charms
  2034 | D:3      | Reached skill level 1 in Summonings
  2034 | D:3      | Reached skill level 1 in Necromancy
  2034 | D:3      | Reached skill level 1 in Translocations
  2034 | D:3      | Reached skill level 1 in Transmutations
  2034 | D:3      | Reached skill level 1 in Fire Magic
  2034 | D:3      | Reached skill level 1 in Ice Magic
  2034 | D:3      | Reached skill level 1 in Air Magic
  2034 | D:3      | Reached skill level 1 in Earth Magic
  2034 | D:3      | Reached skill level 1 in Poison Magic
  2034 | D:3      | Reached XP level 5. HP: 35/40 MP: 5/7
  2053 | D:3      | Found a burning altar of Makhleb.
  2118 | D:3      | Noticed Ijyb
  2238 | D:3      | Engulfed by Ijyb's flame

Levels and vault maps discovered:
D:1:      mrwooster_arrival_statue, layout_basic, minmay_pentomino_z2
D:2:      minmay_door_path, layout_basic, lemuel_round_altar,
          nicolae_qazlal_style_of_elements
D:3:      layout_loops_ring, lemuel_coloured_pillars_altar,
          lightli_temple_of_fire, grunt_ministairs_4, serial_bayou_ford_a,
          uniq_purgy, uniq_ijyb, uniq_grinder, uniq_jessica

Skill      XL: |  1  2  3  4  5 |
---------------+----------------+-----
Armour         | | 10.4
Invocations    | 1 |  1.6
Short Blades   | 1 |  1.4
Long Blades    | 1 |  1.4
Axes           | 1 |  1.4
Maces & Flails | 1 |  1.4
Polearms       | 1 |  1.4
Staves         | 1 |  1.4
Slings         | 1 |  1.4
Crossbows      | 1 |  1.4
Throwing       | 1 |  1.4
Dodging        | 1 |  1.4
Unarmed Combat | 1 |  1.4
Spellcasting   | 1 |  1.4
Evocations     | 1 |  1.4
Conjurations   | 1 |  1.1
Hexes          | 1 |  1.1
Charms         | 1 |  1.1
Summonings     | 1 |  1.1
Necromancy     | 1 |  1.1
Translocations | 1 |  1.1
Transmutations | 1 |  1.1
Fire Magic     | 1 |  1.1
Ice Magic      | 1 |  1.1
Air Magic      | 1 |  1.1
Earth Magic    | 1 |  1.1
Poison Magic   | 1 |  1.1
Fighting       | 3 |  3.0
Shields        | 3 |  3.0
Bows           | |  4.8
Stealth        | |  2.7

Action                   |  1- 3 |  4- 6 || total
-------------------------+-------+-------++-------
Melee: Dagger            |    98 |    61 ||   159
       Bite              |    15 |     4 ||    19
       Whip              |    20 |       ||    20
  Use: Scroll            |     3 |       ||     3
 Stab: Sleeping          |     2 |       ||     2
  Eat: Chunk             |     2 |     2 ||     4
Armor: Ring mail         |    51 |       ||    51
       Plate armour      |    32 |    56 ||    88
Dodge: Dodged            |    62 |    20 ||    82

Table legend:
 A = Non-vault XP
 B = Vault XP
 C = Vault XP percentage of total XP
 D = Non-vault monster count
 E = Vault monster count
 F = Vault count percentage of total count
                 A         B        C        D         E       F
            +---------+---------+-------+---------+---------+-------
      Total |      86 |     150 |  63.6 |      44 |       7 |  13.7
            +---------+---------+-------+---------+---------+-------
        D:1 |      39 |       1 |   2.5 |      19 |       1 |   5.0
        D:2 |      26 |      24 |  48.0 |      15 |       5 |  25.0
        D:3 |      21 |     125 |  85.6 |      10 |       1 |   9.1
            +---------+---------+-------+---------+---------+-------
